 Dungeon Crawl Stone Soup version 0.20.0-15-g7f486f2 (webtiles) character file.

441 Kriby the Cleaver (level 7, 62/62 HPs)
             Began as a Hill Orc Fighter on June 23, 2017.
             Was a Follower of Fedhas.
             Quit the game on level 3 of the Dungeon.
             The game lasted 00:02:32 (2166 turns).

Kriby the Cleaver (Hill Orc Fighter)                Turns: 2166, Time: 00:02:33

Health: 62/62      AC: 10    Str: 21    XL:     7   Next: 2%
Magic:  7/7        EV:  5    Int:  8    God:    Fedhas [*.....]
Gold:   125        SH:  9    Dex: 10    Spells: 6/6 levels left

rFire    . . .     SeeInvis .   a - +0 war axe
rCold    . . .     Gourm    .   c - +0 shield
rNeg     . . .     Faith    .   o - +0 chain mail
rPois    .         Spirit   .   m - +0 helmet
rElec    .         Reflect  .   (no cloak)
rCorr    .         Harm     .   (no gloves)
MR       .....                  (no boots)
Stlth    ..........             (no amulet)
Regen    0.2/turn               p - ring of loudness (curse)
MPRegen  0.1/turn               (no ring)

@: no status effects
A: no striking features
a: Fungal Bloom, Evolution, Renounce Religion


You were on level 3 of the Dungeon.
You worshipped Fedhas.
Fedhas was aware of your devotion.
You were not hungry.

You visited 1 branch of the dungeon, and saw 3 of its levels.

You collected 125 gold pieces.

Inventory:

Hand Weapons
 a - a +0 war axe (weapon)
Armour
 c - a +0 shield (worn)
 m - a +0 helmet (worn)
 o - a +0 chain mail (worn)
Jewellery
 k - a cursed ring of teleportation {unknown}
 p - a cursed ring of loudness (left hand)
Scrolls
 h - a scroll of blinking {unknown}
 l - a scroll of enchant weapon {unknown}
 n - a scroll of random uselessness {unknown}
 q - a scroll of identify {unknown}
 r - 2 scrolls of enchant armour {unknown}
 t - a scroll of teleportation {unknown}
Potions
 d - a potion of might
 e - a potion of degeneration {unknown}
 s - a potion of agility {unknown}
Comestibles
 b - a royal jelly
 f - 3 bread rations
 g - 26 chunks of flesh
 i - 4 fruits
 j - a meat ration


   Skills:
 + Level 5.9 Fighting
 * Level 8.0 Axes
 - Level 3.2 Armour
 - Level 3.2 Shields


You had 6 spell levels left.
You didn't know any spells.

Dungeon Overview and Level Annotations

Branches:
Dungeon (3/15)

Altars:
Fedhas
Gozag


Message History

You butcher the goblin corpse.
g - 26 chunks of flesh (gained 2)
Found a leather armour.
Found a great mace.
No target in view!
Unknown command.
There is a faded altar of an unknown god here.
You cannot tell which god this altar belongs to.
Convert to them anyway?
Okay, then.
You cannot tell which god this altar belongs to.
Convert to them anyway?
Okay, then.
You cannot tell which god this altar belongs to.
Convert to them anyway?
Fedhas accepts your prayer! Fedhas welcomes you!
The plants of the dungeon cease their hostilities.
You can now turn corpses into toadstools.
You can now induce evolution.
Autopickup is now off.
Okay, then.
Are you sure you want to abandon this character and quit the game? (Confirm with "yes".)

#.# #.#### #.# ####.#
# ######.# ###....#
##......###...####
##.....)).#..###
#......)..(.##
#......)...## ####.
#....#.....# #....
#...#@#....# ##.#..
#....#.....# ##.....
##........######..#..#
#..........##...[###.#
#..........##.#### ..
#.............# ##
#...........### #
#..........## #
##........## #


There were no monsters in sight!

Vanquished Creatures
  Sigmund (D:2)
  An orc priest (D:3)
  An orc wizard (D:3)
  Terence (D:3)
  Robin (D:3)
  4 gnolls
  5 adders
  4 worms
  2 dart slugs
  6 orcs (D:3)
  2 giant cockroaches (D:2)
  17 goblins
  14 hobgoblins
  8 jackals (D:3)
  7 kobolds
  5 bats
  3 frilled lizards
  8 rats
90 creatures vanquished.

Notes
Turn   | Place    | Note
-------+----------+-------------------------------------------
     0 | D:1      | Kriby the Hill Orc Fighter began the quest for the Orb.
     0 | D:1      | Reached XP level 1. HP: 19/19 MP: 1/1
    67 | D:1      | Reached skill level 3 in Axes
   142 | D:1      | Reached XP level 2. HP: 21/27 MP: 2/2
   151 | D:1      | Reached skill level 4 in Axes
   310 | D:1      | Reached XP level 3. HP: 31/33 MP: 3/3
   933 | D:2      | Noticed Sigmund
   939 | D:2      | Killed Sigmund
   939 | D:2      | Reached skill level 5 in Fighting
   939 | D:2      | Reached skill level 6 in Axes
   939 | D:2      | Reached XP level 4. HP: 33/42 MP: 4/4
   939 | D:2      | Reached XP level 5. HP: 38/48 MP: 5/5
  1154 | D:2      | Reached XP level 6. HP: 56/56 MP: 6/6
  1501 | D:3      | Noticed Terence
  1510 | D:3      | Killed Terence
  1510 | D:3      | Reached skill level 7 in Axes
  2027 | D:3      | Found an opulent altar of Gozag.
  2113 | D:3      | Found a faded altar of an unknown god.
  2117 | D:3      | Noticed Robin
  2120 | D:3      | Reached skill level 8 in Axes
  2124 | D:3      | Killed Robin
  2124 | D:3      | Reached XP level 7. HP: 61/62 MP: 7/7
  2165 | D:3      | Became a worshipper of Fedhas Madash
  2165 | D:3      | Reached * piety under Fedhas
  2166 | D:3      | Quit the game

Skill      XL: |  1  2  3  4  5  6 |
---------------+-------------------+-----
Axes           | 3 4 6 8 |  8.0
Fighting       | 5 |  5.9
Armour         | |  3.2
Shields        | |  3.2

Action                   |  1- 3 |  4- 6 |  7- 9 || total
-------------------------+-------+-------+-------++-------
Melee: War axe           |    39 |   153 |     2 ||   194
  Eat: Chunk             |       |     4 |       ||     4
Armor: Scale mail        |     9 |       |       ||     9
       Chain mail        |     3 |   104 |     1 ||   108
Dodge: Dodged            |     9 |    36 |       ||    45
Block: Shield            |    24 |    82 |     1 ||   107
